 Dungeon Crawl Stone Soup version 0.22-a0-614-g34fbaa0 (webtiles) character file.

3031 royokou the Destroyer (level 9, -3/45 HPs)
             Began as a Deep Elf Conjurer on July 13, 2018.
             Was a Follower of Vehumet.
             Slain by a spriggan baker
             ... wielding a +0 dagger
              (14 damage)
             ... on level 7 of the Dungeon.
             The game lasted 00:27:31 (7637 turns).

royokou the Destroyer (Deep Elf Conjurer)           Turns: 7637, Time: 00:27:32

Health: -3/45      AC:  5    Str:  5    XL:     9   Next: 56%
Magic:  20/24      EV: 13    Int: 24    God:    Vehumet [*.....]
Gold:   394        SH:  0    Dex: 15    Spells: 9/27 levels left

rFire    + . .     SeeInvis .   i - +0 dagger
rCold    . . .     Gourm    .   (no shield)
rNeg     . . .     Faith    .   k - +0 robe
rPois    .         Spirit   .   f - +0 helmet
rElec    .         Reflect  .   o - +0 cloak
rCorr    +         Harm     .   (no gloves)
MR       .....                  w - +0 pair of boots
Stlth    ++........             (no amulet)
HPRegen  0.15/turn              q - ring of resist corrosion
MPRegen  0.19/turn              j - ring of protection from fire

@: no status effects
A: no striking features
a: Renounce Religion


You were on level 7 of the Dungeon.
You worshipped Vehumet.
Vehumet was aware of your devotion.
You were hungry.

You visited 2 branches of the dungeon, and saw 8 of its levels.

You collected 520 gold pieces.
You spent 126 gold pieces at shops.

Inventory:

Hand Weapons
 i - a +0 dagger (weapon)
 l - a +0 scythe
Armour
 f - a +0 helmet (worn)
 k - a +0 robe (worn)
 o - a +0 cloak (worn)
 w - a +0 pair of boots (worn)
Jewellery
 e - an uncursed ring of fire
 j - a ring of protection from fire (right hand)
 q - a ring of resist corrosion (left hand)
Wands
 p - a wand of iceblast (14)
 s - a wand of polymorph (8)
Scrolls
 a - 3 scrolls of enchant armour {unknown}
 b - a scroll of enchant weapon {unknown}
 d - 13 scrolls of identify
 g - 4 scrolls of teleportation
 r - a scroll of blinking
 u - a scroll of fear
Potions
 h - a potion of mutation
 m - 3 potions of brilliance
 n - 2 potions of curing
 t - a potion of degeneration {unknown}
 v - 2 potions of ambrosia
 z - a potion of might {unknown}
Comestibles
 c - 16 rations


   Skills:
 - Level 2.4 Dodging
 - Level 2.4 Stealth
 + Level 9.8 Spellcasting
 * Level 11.6 Conjurations
 - Level 4.0 Hexes
 - Level 4.0 Translocations


You had 9 spell levels left.
You knew the following spells:

 Your Spells              Type           Power        Failure   Level  Hunger
a - Magic Dart            Conj           ####         1%          1    None
b - Searing Ray           Conj           ######       1%          2    None
c - Dazzling Spray        Conj/Hex       #####.       1%          3    None
d - Iskenderun's Mystic   Conj           ######..     1%          4    #......
e - Fulminant Prism       Conj/Hex       #####.....   2%          4    #......
f - Force Lance           Conj/Tloc      #####...     2%          4    #......

Your spell library contained the following spells:

 Spells                   Type           Power        Failure   Level  Hunger


Dungeon Overview and Level Annotations

Branches:
Dungeon (7/15)             Temple (1/1) D:4

Altars:
Cheibriados
Elyvilon
Fedhas
Hepliaklqana
Kikubaaqudgha
Makhleb
Ru
Trog
Vehumet
Yredelemnul
The Shining One
Jiyva

Shops:
D:4 ?


Message History

The helpless spriggan baker fails to defend itself.
You hit the spriggan baker.
The spriggan baker is moderately wounded.
The spriggan baker hits you with a dagger!
Casting: Searing Ray (safe; 1% risk of failure)
Confirm with . or Enter, or press ? or * to list all spells.
Aiming: Searing Ray (safe; 1% risk of failure)
Press: ? - help, Shift-Dir - straight line, f - spriggan baker
Aim: a spriggan baker, wielding a dagger and wearing a robe (moderately wounded)
The searing ray hits the spriggan baker.
The spriggan baker is heavily wounded. (Press . to maintain the ray.)
The spriggan baker hits you with a dagger!
The searing ray hits the spriggan baker.
The spriggan baker is almost dead.
The spriggan baker hits you with a dagger!
* * * LOW HITPOINT WARNING * * *
The searing ray misses the spriggan baker.
The spriggan baker hits you with a dagger!
You die...

#.......####
#..........####
#.......##.....
##.###########.
###.# ##
###...# ######
#...### #.....
#.#.# #.....
#@### #....#
#.i# #....#
#.## #....# #%%
##..... ###
......>..
########. ## #
.


You could see a spriggan baker.

Vanquished Creatures
  Pikel (D:5)
  Sigmund (D:2)
  A hungry ghost (D:7)
  2 sky beasts
  2 slaves (D:5)
  3 phantoms
  2 ogres
  A big kobold (D:3)
  4 bullfrogs
  A scorpion (D:5)
  A jelly (D:6)
  5 crimson imps
  2 hounds
  Ijyb (D:3)
  6 orc priests
  Crazy Yiuf (D:2)
  3 bullfrog skeletons
  A gnoll shaman (D:4)
  2 orc wizards (D:4)
  Jessica (D:3)
  2 iguanas
  2 worker ants
  A hound skeleton (D:4)
  A howler monkey skeleton (D:5)
  Robin (D:2)
  19 gnolls
  6 adders
  An ooze (D:1)
  An adder skeleton (D:4)
  2 worms
  2 dart slugs
  6 leopard geckos
  12 orcs
  3 bats
  3 giant cockroaches
  42 goblins
  30 hobgoblins
  11 jackals
  A quokka (D:3)
  A ball python skeleton (D:4)
  5 frilled lizards
  7 kobolds
  7 rats
207 creatures vanquished.

Vanquished Creatures (others)
  A worker ant (D:5)
  A dart slug (D:5)
  13 fulminant prisms
15 creatures vanquished.

Grand Total: 222 creatures vanquished

Notes
Turn   | Place    | Note
-------+----------+-------------------------------------------
     0 | D:1      | royokou the Deep Elf Conjurer began the quest for the Orb.
     0 | D:1      | Reached XP level 1. HP: 10/10 MP: 6/6
   209 | D:1      | Reached XP level 2. HP: 15/15 MP: 1/8
   213 | D:1      | Learned a level 2 spell: Searing Ray
   462 | D:1      | Reached skill level 5 in Conjurations
   655 | D:1      | Reached XP level 3. HP: 19/19 MP: 3/10
   729 | D:1      | Learned a level 3 spell: Dazzling Spray
  1054 | D:2      | Noticed Robin
  1105 | D:2      | Killed Robin
  1223 | D:2      | Found a white marble altar of Elyvilon.
  1280 | D:1      | Reached XP level 4. HP: 15/24 MP: 6/12
  1394 | D:1      | Learned a level 4 spell: Iskenderun's Mystic Blast
  1609 | D:2      | Reached skill level 1 in Hexes
  1619 | D:2      | Found a runed door.
  1677 | D:2      | Noticed Sigmund
  1682 | D:2      | Killed Sigmund
  1682 | D:2      | Reached skill level 5 in Spellcasting
  1682 | D:2      | Reached skill level 6 in Conjurations
  1682 | D:2      | Reached XP level 5. HP: 12/28 MP: 4/14
  2038 | D:2      | Reached XP level 6. HP: 32/32 MP: 11/15
  2087 | D:2      | Noticed a sky beast
  2099 | D:2      | Killed a sky beast
  2099 | D:2      | Reached skill level 7 in Conjurations
  2172 | D:2      | Learned a level 4 spell: Fulminant Prism
  2286 | D:2      | Noticed Crazy Yiuf
  2291 | D:2      | Killed Crazy Yiuf
  2437 | D:3      | Found a blossoming altar of Fedhas.
  3098 | D:3      | Noticed Jessica
  3101 | D:3      | Killed Jessica
  3101 | D:3      | Reached XP level 7. HP: 23/36 MP: 12/17
  3195 | D:3      | Noticed Ijyb
  3202 | D:3      | Killed Ijyb
  4008 | D:3      | Reached skill level 8 in Conjurations
  4443 | D:4      | Learned a level 4 spell: Force Lance
  4899 | D:4      | Reached XP level 8. HP: 37/41 MP: 13/20
  4931 | D:4      | Reached skill level 9 in Conjurations
  4931 | D:4      | Reached skill level 1 in Translocations
  5301 | D:4      | Found a staircase to the Ecumenical Temple.
  5342 | Temple   | Entered the Ecumenical Temple
  5362 | Temple   | Became a worshipper of Vehumet
  5528 | D:4      | Found a snail-covered altar of Cheibriados.
  5727 | D:4      | Found Ceivahej's Magic Scroll Shop.
  5735 | D:4      | Bought a scroll of teleportation for 36 gold pieces
  5735 | D:4      | Bought a scroll of blinking for 90 gold pieces
  5781 | D:5      | Entered Level 5 of the Dungeon
  5978 | D:5      | Noticed Pikel
  5991 | D:5      | Killed Pikel
  5991 | D:5      | Reached skill level 10 in Conjurations
  5991 | D:5      | Reached XP level 9. HP: 29/45 MP: 6/23
  6097 | D:5      | Found an ancient bone altar of Kikubaaqudgha.
  6237 | D:5      | Found a burning altar of Makhleb.
  6271 | D:5      | Found a bloodstained altar of Trog.
  6655 | D:6      | Reached * piety under Vehumet
  6655 | D:6      | Offered knowledge of Sandblast by Vehumet.
  6886 | D:6      | Reached skill level 11 in Conjurations
  7017 | D:6      | Found a sacrificial altar of Ru.
  7291 | D:7      | Found a basalt altar of Yredelemnul.
  7299 | D:7      | Found a glowing golden altar of the Shining One.
  7637 | D:7      | Slain by a spriggan baker

Vault maps used:
D:1:      evilmike_arrival_rings
D:2:      lemuel_coloured_pillars_altar, uniq_natasha, uniq_crazy_yiuf_cottage,
          uniq_sigmund, uniq_robin
D:3:      minmay_goblin_kobold_castle, lemuel_crystal_altar, first_ration,
          uniq_ijyb, uniq_jessica
D:4:      kennysheep_slug_shrine, temple_doors_e, serial_shops,
          nicolae_shop_competitors_out_of_business
D:5:      nicolae_overflow_crystal_walls, bloody_trog, kennysheep_mini_moat,
          uniq_pikel
D:6:      kennysheep_mini
D:7:      grunt_temple_overflow_holy_war, nemelex_xobeh_ov_fountains_minmay,
          evilmike_ruin_ashenzari, the_bakery
Temple:   pf_slime_end_temple

Skill      XL: |  1  2  3  4  5  6  7  8  9 |
---------------+----------------------------+-----
Conjurations   | 5 6 7 8 10 11 | 11.6
Spellcasting   | 4 5 7 8 9 |  9.8
Hexes          | 2 3 4 |  4.0
Translocations | 3 4 |  4.0
Dodging        | |  2.4
Stealth        | |  2.4

Action                   |  1- 3 |  4- 6 |  7- 9 || total
-------------------------+-------+-------+-------++-------
Melee: Dagger            |     4 |     8 |    42 ||    54
 Cast: Magic Dart        |    54 |    67 |   140 ||   261
       Searing Ray       |     5 |    10 |    38 ||    53
       Iskenderun's Myst |       |     2 |     6 ||     8
       Dazzling Spray    |       |     1 |     8 ||     9
       Fulminant Prism   |       |     3 |    10 ||    13
       Force Lance       |       |       |     7 ||     7
  Use: Potion            |     2 |       |       ||     2
       Scroll            |       |     6 |     2 ||     8
 Stab: Sleeping          |     1 |     1 |     2 ||     4
  Eat: Chunk             |     1 |     2 |    13 ||    16
       Ration            |       |     1 |     1 ||     2
Armor: Robe              |     3 |     1 |    32 ||    36
Dodge: Dodged            |    18 |    20 |    89 ||   127

Table legend:
 A = Spawn XP
 B = Non-spawn XP
 C = Spawn XP percentage of total XP
 D = Spawn monster count
 E = Non-spawn monster count
 F = Spawn count percentage of total count
 G = Total turns spent on level
                    A         B        C        D         E        F      G
               +---------+---------+-------+---------+---------+-------+---------
         Total |       0 |    4330 |   0.0 |       0 |     205 |   0.0 |  7637
               +---------+---------+-------+---------+---------+-------+---------
           D:1 |       0 |      61 |   0.0 |       0 |      26 |   0.0 |  1123
           D:2 |       0 |     499 |   0.0 |       0 |      27 |   0.0 |  1287
           D:3 |       0 |     596 |   0.0 |       0 |      88 |   0.0 |  2564
           D:4 |       0 |     682 |   0.0 |       0 |      29 |   0.0 |   772
           D:5 |       0 |     996 |   0.0 |       0 |      11 |   0.0 |   603
           D:6 |       0 |     873 |   0.0 |       0 |      14 |   0.0 |   882
           D:7 |       0 |     623 |   0.0 |       0 |      10 |   0.0 |   371
               +---------+---------+-------+---------+---------+-------+---------
